 Dungeon Crawl Stone Soup version 0.28.0-53-g5a82cb258f (webtiles) character file.

Game seed: 16214749679569352915

59 Descartes the Sneak (level 3, 0/15 HPs)
             Began as a Felid Transmuter on July 9, 2022.
             Slain by a phantom (6 damage)
             ... on level 4 of the Dungeon.
             The game lasted 00:05:40 (4528 turns).

Descartes the Sneak (Felid Transmuter)              Turns: 4528, Time: 00:05:40

Health: 0/15       AC:  1    Str:  8    XL:     3   Next: 78%
Magic:  7/7        EV: 18    Int: 14    God:
Gold:   111        SH:  0    Dex: 16    Spells: 3/6 levels left
                                        Lives:  0   Deaths: 1

rFire   . . .      SeeInvis +     - Unarmed
rCold   . . .      Faith    .   (shield unavailable)
rNeg    . . .      Spirit   .   (armour unavailable)
rPois   .          Reflect  .   (helmet unavailable)
rElec   .          Harm     .   (cloak unavailable)
rCorr   .          Rampage  .   (gloves unavailable)
Will    .....                   (boots unavailable)
Stlth   +++.......              (no amulet)
HPRegen 0.05/turn               (no ring)
MPRegen 0.10/turn               (no ring)

@: appendages (expiring), quick
A: horns 2, very small, claws 1, fangs 3, see invisible, speed 1, shaggy fur 1,
stealthy paws, no weapons or thrown items, no armour, multi-lived
a: End Transformation


You were on level 4 of the Dungeon.
You had temporarily grown beastly horns.
You visited 1 branch of the dungeon, and saw 4 of its levels.

You collected 111 gold pieces.

Inventory:

Scrolls
 a - 3 scrolls of enchant armour {unknown}
 d - 2 scrolls of noise {unknown}
 f - 4 scrolls of teleportation {unknown}
 h - 2 scrolls of identify {unknown}
Potions
 b - 2 potions of haste {unknown}
 c - 2 potions of curing {unknown}
 e - a potion of might {unknown}
 g - a potion of mutation {unknown}


   Skills:
 - Level 1.0 Fighting
 + Level 4.2 Dodging
 + Level 5.3 Stealth
 + Level 3.0 Unarmed Combat
 - Level 2.0 Spellcasting
 + Level 2.3 Transmutations


You had 3 spell levels left.
You knew the following spells:

 Your Spells              Type           Power      Damage    Failure   Level
a - Beastly Appendage     Tmut           14%        N/A       10%         1
b - Wereblood             Tmut           7%         N/A       14%         2

Your spell library contained the following spells:

 Spells                   Type           Power      Damage    Failure   Level
 Summon Small Mammal      Summ           4%         N/A       24%         1
 Spider Form              Tmut/Pois      4%         N/A       41%         3
 Call Canine Familiar     Summ           1%         N/A       56%         3
 Gell's Gravitas          Tloc           1%         N/A       56%         3
 Lesser Beckoning         Tloc           1%         N/A       56%         3
 Summon Guardian Golem    Hex/Summ       1%         N/A       56%         3
 Teleport Other           Tloc           1%         N/A       56%         3
 Ice Form                 Ice/Tmut       4%         N/A       83%         4


Dungeon Overview and Level Annotations

Branches:
Dungeon (4/15)
 Temple: D:4-7

Altars:

Shops:
D:4 =?


Innate Abilities, Weirdness & Mutations

You have temporarily grown beastly horns.
You have sharp claws.
You have razor-sharp teeth.
You have supernaturally acute eyesight. (SInv)
You cover ground quickly. (Speed+)
You are covered in fur. (AC +1)
Your paws help you pounce on unaware monsters.
You are incapable of wielding weapons or throwing items.
You cannot wear armour.
You gain extra lives every three experience levels.


Message History

You claw the phantom! You headbutt the phantom.
The phantom is heavily damaged.
Your transformation is almost over.
The phantom hits you.
The phantom blinks!
You blink.
You closely miss the phantom. You headbutt the phantom.
The phantom is severely damaged.
The phantom hits you.
You are too injured to fight recklessly!
You are too injured to fight recklessly!
You are too injured to fight recklessly!
You are too injured to fight recklessly!
You are too injured to fight recklessly!
You are too injured to fight recklessly!
You are too injured to fight recklessly!
You are too injured to fight recklessly!
You are too injured to fight recklessly!
You are too injured to fight recklessly!
You are too injured to fight recklessly!
You are too injured to fight recklessly!
You barely miss the phantom. Your headbutt misses the phantom.
The phantom is severely damaged.
You barely miss the phantom.
The phantom is severely damaged.
The phantom misses you.
You barely miss the phantom. You headbutt the phantom.
The phantom is severely damaged.
The phantom closely misses you.
You scratch the phantom.
The phantom is severely damaged.
The phantom barely misses you.
You scratch the phantom. Your claw misses the phantom.
The phantom is almost destroyed.
The phantom closely misses you.
You barely miss the phantom. Your bite misses the phantom.
The phantom is almost destroyed.
The phantom barely misses you.
You scratch the phantom.
The phantom is almost destroyed.
The phantom hits you.
You die...

####+####.## ..
............ ...
.......##... ...########
.h.....+...s ..........#
.......###.. # ..........#
......# #..
................# ......
#.. ...............W#
...... ....
.....?#####..@### ...$..
....# ...............# ....
#.............## ..# #....
#..............+ ..+
####.............##...#
##................# ...#
#...####..........##..$#
##...####.(........#....##.
#..........................


You could see a phantom.

Vanquished Creatures
  An orc wizard (D:3)
  An adder (D:3)
  A worm (D:2)
  A dart slug (D:1)
  6 orcs
  7 ball pythons
  5 endoplasms
  3 giant cockroaches
  7 hobgoblins
  4 jackals
  7 quokkas
  3 bats
  4 frilled lizards
  9 goblins
  7 kobolds
  5 rats
71 creatures vanquished.

Vanquished Creatures (others)
  4 plants (D:1)
4 creatures vanquished.

Grand Total: 75 creatures vanquished

Notes
Turn   | Place    | Note
-------+----------+-------------------------------------------
     0 | D:1      | Descartes the Felid Transmuter began the quest for the Orb.
     0 | D:1      | Reached XP level 1. HP: 9/9 MP: 4/4
   155 | D:1      | Reached skill level 1 in Stealth
   484 | D:1      | Reached skill level 2 in Stealth
   541 | D:1      | Found a faded altar of an unknown god.
   632 | D:1      | Reached XP level 2. HP: 7/12 MP: 4/6
   903 | D:1      | Reached skill level 3 in Stealth
  1772 | D:2      | Reached skill level 4 in Stealth
  1810 | D:2      | Reached XP level 3. HP: 15/15 MP: 7/7
  3033 | D:3      | Reached XP level 4. HP: 10/19 MP: 6/8
  3378 | D:3      | Reached skill level 5 in Stealth
  3785 | D:3      | Learned a level 2 spell: Wereblood
  3829 | D:4      | Found Qoigimist's Jewellery Boutique.
  4059 | D:4      | Found Geinath's Magic Scroll Shop.
  4158 | D:4      | Noticed a scorpion
  4173 | D:4      | Succumbed to a scorpion's poison
  4174 | D:4      | Reached XP level 3. HP: 0/15 MP: 7/7
  4509 | D:4      | Noticed a phantom
  4528 | D:4      | Slain by a phantom

Illustrated notes

Levels and vault maps discovered:
D:1:      dpeg_chamrin_arrival_tetris, layout_basic,
          nicolae_ecumenical_snake_handling, interstate_on_off, kennysheep_boxes
D:2:      layout_rooms, minmay_tripent
D:3:      layout_basic
D:4:      layout_basic, serial_shops, kennysheep_little_box,
          nicolae_lakefront_shop, shop_statue, shop, shop_statue,
          minmay_manual_monstrance, uniq_crazy_yiuf_cottage

Skill      XL: |  1  2  3  4 |
---------------+-------------+-----
Stealth        | 2 4 5 |  5.3
Dodging        | 3 4 |  4.2
Fighting       | |  1.0
Unarmed Combat | |  3.0
Spellcasting   | |  2.0
Transmutations | |  2.3

Action                   |  1- 3 |  4- 6 || total
-------------------------+-------+-------++-------
Melee: Unarmed           |   169 |    50 ||   219
       Headbutt          |    31 |     8 ||    39
       Bite              |    10 |     3 ||    13
       Punch             |     9 |       ||     9
 Cast: Beastly Appendage |    44 |    11 ||    55
 Stab: Sleeping          |     7 |     1 ||     8
Armor: Skin              |     9 |     1 ||    10
Dodge: Dodged            |   113 |    37 ||   150
